 Dungeon Crawl Stone Soup version 0.21.1-35-gfefc1aa2bb (webtiles) character file.

110 Ivernyr the Ogre Mage (level 4, -1/44 HPs)
             Began as an Ogre Wizard on July 31, 2018.
             Slain by a jackal (3 damage)
             ... on level 3 of the Dungeon on Aug 1, 2018.
             The game lasted 00:25:42 (3345 turns).

Ivernyr the Ogre Mage (Ogre Wizard)                 Turns: 3345, Time: 00:25:42

Health: -1/44      AC:  3    Str: 11    XL:     4   Next: 91%
Magic:  0/10       EV: 10    Int: 20    God:
Gold:   128        SH:  0    Dex:  7    Spells: 3/12 levels left

rFire    . . .     SeeInvis .   (no weapon)
rCold    . . .     Gourm    .   (no shield)
rNeg     . . .     Faith    .   a - +0 robe
rPois    .         Spirit   .   b - +0 hat
rElec    .         Reflect  .   (no cloak)
rCorr    .         Harm     .   (gloves unavailable)
MR       .....                  (boots unavailable)
Stlth    +.........             (no amulet)
HPRegen  0.14/turn              (no ring)
MPRegen  0.12/turn              (no ring)

@: no status effects
A: large, unfitting armour, tough skin 1
a: no special abilities


You were on level 3 of the Dungeon.
You were near starving.

You visited 1 branch of the dungeon, and saw 3 of its levels.

You collected 128 gold pieces.

Inventory:

Armour
 a - a +0 robe (worn)
 b - a +0 hat (worn)
Scrolls
 f - a scroll of enchant weapon {unknown}
 h - 4 scrolls of identify {unknown}
 j - a scroll of teleportation {unknown}
 l - a scroll of remove curse {unknown}
 m - a scroll of blinking {unknown}
 n - a scroll of amnesia {unknown}
 o - 2 scrolls of fog {unknown}
Potions
 e - a potion of magic {unknown}
 g - a potion of ambrosia {unknown}
 i - 2 potions of cancellation {unknown}
 k - a potion of haste {unknown}
 p - a potion of degeneration {unknown}
Books
 c - a book of Minor Magic

   Spells                             Type                      Level
   a - Magic Dart                     Conjuration                  1
   b - Blink                          Translocation                2
   c - Call Imp                       Summoning                    2
   d - Slow                           Hexes                        2
   e - Conjure Flame                  Conjuration/Fire             3
   f - Mephitic Cloud                 Conjuration/Poison/Air       3
Comestibles
 d - 3 rations


   Skills:
 + Level 2.3 Fighting
 - Level 1.7 Dodging
 - Level 1.4 Stealth
 * Level 4.8 Spellcasting
 * Level 2.5 Conjurations
   Level 0.8 Summonings
 - Level 0.8 Translocations


You had 3 spell levels left.
You knew the following spells:

 Your Spells              Type           Power        Failure   Level  Hunger
a - Magic Dart            Conj           ###.         4%          1    None
b - Blink                 Tloc           N/A          13%         2    #......
c - Conjure Flame         Conj/Fire      ##......     21%         3    ##.....
d - Mephitic Cloud        Conj/Pois/Air  #.......     26%         3    ##.....


Dungeon Overview and Level Annotations

Branches:
Dungeon (3/15)

Altars:

Annotations:
D:3 Jessica


Innate Abilities, Weirdness & Mutations

You are too large for most types of armour.
You have tough skin. (AC +1)


Message History

* * * LOW HITPOINT WARNING * * *
You hit the hobgoblin but do no damage.
The hobgoblin is lightly wounded.
The hobgoblin hits you but does no damage.
You hit the hobgoblin.
The hobgoblin is severely wounded.
The hobgoblin closely misses you.
You hit the hobgoblin.
You kill the hobgoblin!
The jackal closely misses you.
You hit the jackal but do no damage. The jackal closely misses you.
Casting: Magic Dart
Confirm with . or Enter, or press ? or * to list all spells.
Aiming: Magic Dart
Press: ? - help, Shift-Dir - straight line, f - jackal
Aim: a jackal The magic dart hits the jackal.
The jackal is moderately wounded.
The jackal bites you.
You die...

##########
#........
........# ...#
#@# # .. ...#h#
.#
....#.#.##.#.#.#
...............
..###.#..#.....
#.#..# #.#.
..###.#..###.# .
.............#...
..............#


You could see a jackal.

Vanquished Creatures
  5 adders (D:2)
  3 dart slugs
  2 leopard geckos
  An orc (D:3)
  7 bats
  5 giant cockroaches
  4 goblins
  4 hobgoblins
  4 jackals (D:2)
  2 quokkas (D:2)
  3 frilled lizards
  8 kobolds
  5 rats
53 creatures vanquished.

Notes
Turn   | Place    | Note
-------+----------+-------------------------------------------
     0 | D:1      | Ivernyr the Ogre Wizard began the quest for the Orb.
     0 | D:1      | Reached XP level 1. HP: 16/16 MP: 5/5
    35 | D:1      | Reached skill level 1 in Conjurations
   267 | D:1      | Reached XP level 2. HP: 26/26 MP: 1/6
   276 | D:1      | Learned a level 2 spell: Blink
   556 | D:1      | Reached skill level 1 in Fighting
   612 | D:1      | Reached skill level 4 in Spellcasting
   856 | D:1      | Reached XP level 3. HP: 33/33 MP: 3/8
   903 | D:1      | Learned a level 3 spell: Conjure Flame
   907 | D:1      | Learned a level 3 spell: Mephitic Cloud
  1673 | D:2      | Reached XP level 4. HP: 6/42 MP: 0/10
  2756 | D:3      | Noticed Jessica
  2756 | D:3      | Noticed an ice beast
  2757 | D:3      | Upgraded the game from 0.21.1-1-g345015fe64 to 0.21.1-35-gfefc1aa2bb
  3331 | D:3      | HP: 2/44 [orc (3)]
  3340 | D:3      | HP: 2/44 [hobgoblin (2)]
  3345 | D:3      | Slain by a jackal

Skill      XL: |  1  2  3  4 |
---------------+-------------+-----
Conjurations   | 1 2 |  2.5
Fighting       | 1 2 |  2.3
Spellcasting   | 4 |  4.8
Dodging        | |  1.7
Stealth        | |  1.4
Summonings     | |  0.8
Translocations | |  0.8

Action                   |  1- 3 |  4- 6 || total
-------------------------+-------+-------++-------
Melee: Unarmed           |    71 |    35 ||   106
 Cast: Magic Dart        |    84 |    60 ||   144
       Conjure Flame     |       |     4 ||     4
       Blink             |       |     3 ||     3
  Eat: Chunk             |     1 |     5 ||     6
Armor: Robe              |    34 |    24 ||    58
Dodge: Dodged            |    59 |    53 ||   112
